AoeStats
← Tylemaker

Arabian Desert

510008525Analyzed
1v1 RM · 2d ago on Sep 29, 2026· 23m 9s· 2 players
Game mode
Random Map
Map size
Tiny (2 player)
Population
200
Speed
Normal
Resources
Standard
Victory
Conquest
Starting age
Dark Age
Ending age
Imperial Age
RankedLock teamsTeams togetherTeam positionsShared explorationLock speedFull tech treeHidden civsTurbo modeCheats
Victory
Defeat
1213
+17
🇨🇦 Saxons · Canada
1236
-17
扫清六合 席卷八荒
9:05 Loom
11:27 Feudal Age
12:34 Double-Bit Axe
19:50 Castle Age
18:01 Horse Collar
18:54 Forging
19:16 Bloodlines
19:28 Fletching
22:28 Bodkin Arrow
Tylemaker
7:13 Loom
9:45 Feudal Age
10:14 Double-Bit Axe
10:21 Horse Collar
21:57 Castle Age
22:47 Elite Skirmisher
Connection lost

Rejoining the realm…

Still unreachable

The connection could not be restored.

Session expired

The server has moved on; the page needs a fresh start.